 Dungeon Crawl Stone Soup version 0.28.0-45-g0d030f2227 (webtiles) character file.

Game seed: 7246823961061593642

2992 zeratav the Martial Artist (level 9, -7/61 HPs)
             Began as an Octopode Transmuter on Apr 11, 2022.
             Mangled by an orc warrior
             ... wielding a +0 halberd
              (15 damage)
             ... in a bailey.
             The game lasted 00:15:50 (11308 turns).

zeratav the Martial Artist (Octopode Transmuter)   Turns: 11308, Time: 00:15:51

Health: -7/61      AC:  1    Str:  9    XL:     9   Next: 83%
Magic:  12/12      EV: 16    Int: 15    God:
Gold:   333        SH:  0    Dex: 17    Spells: 8/12 levels left

rFire   . . .      SeeInvis .   s - +7 short sword "Ysig" {vorpal, rElec, short}
rCold   . . .      Faith    .   (no shield)
rNeg    . . .      Spirit   .   A - +0 hat
rPois   .          Reflect  .   (no amulet)
rElec   +          Harm     .   (no ring)
rCorr   .          Rampage  .   (no ring)
Will    .....                   (no ring)
Stlth   +++++.....              (no ring)
HPRegen 0.20/turn               (no ring)
MPRegen 0.13/turn               (no ring)
                                (no ring)
                                (no ring)

@: no status effects
A: almost no armour, amphibious, 8 rings, camouflage 1, gelatinous body 1,
nimble swimmer 1, tentacles
a: no special abilities


You were in a bailey.
You visited 2 branches of the dungeon, and saw 8 of its levels.
You also visited: Sewer and Bailey.

You collected 333 gold pieces.


Innate Abilities, Weirdness & Mutations

You cannot wear most types of armour.
You are amphibious.
You can wear up to eight rings at the same time.
Your skin changes colour to match your surroundings (Stealth+).
Your rubbery body absorbs attacks. (AC +1, EV +1)
You are camouflaged when in or above water. (Stealth+)
You have tentacles for arms and can constrict up to eight enemies at once.


   Skills:
 + Level 5.6 Fighting
 + Level 5.8 Dodging
 - Level 5.0 Stealth
 * Level 8.8 Unarmed Combat
 - Level 2.0 Spellcasting
 + Level 4.4 Transmutations
 + Level 3.9 Ice Magic


You had 8 spell levels left.
You knew the following spells:

 Your Spells              Type           Power      Damage    Failure   Level
a - Beastly Appendage     Tmut           28%        N/A       3%          1
b - Spider Form           Tmut/Pois      8%         N/A       26%         3

Your spell library contained the following spells:

 Spells                   Type           Power      Damage    Failure   Level
 Wereblood                Tmut           14%        N/A       5%          2
 Sting                    Tmut/Pois      32%        1d4       9%          1
 Corpse Rot               Necr/Air       2%         N/A       32%         2
 Poisonous Vapours        Pois/Air       2%         N/A       32%         2
 Ignite Poison            Fire/Tmut/Pois 5%         N/A       36%         3
 Ice Form                 Ice/Tmut       14%        N/A       36%         4
 Confusing Touch          Hex            1%         N/A       54%         3
 Mephitic Cloud           Conj/Pois/Air  1%         N/A       54%         3
 Dispel Undead            Necr           1%         3d6       91%         4
 Olgreb's Toxic Radiance  Pois           1%         N/A       91%         4
 Yara's Violent Unravell  Hex/Tmut       4%         3d4       94%         5
 Freezing Cloud           Conj/Ice/Air   2%         6-21      98%         5
 Death Channel            Necr           0%         N/A       100%        6
 Enfeeble                 Hex            0%         N/A       100%        7

Inventory:

Hand Weapons
 s - the +7 short sword "Ysig" (weapon) {vorpal, rElec, short}
   (You found it on level 3 of the Dungeon)

   It inflicts extra damage upon your enemies.
   rElec:     It insulates you from electricity.
Missiles
 n - 4 curare-tipped darts {=fthrowing}
Armour
 A - a +0 hat (worn)
   (You found it on level 5 of the Dungeon)
Wands
 y - a wand of charming (9)
   (You found it on level 5 of the Dungeon)
Scrolls
 a - 5 scrolls of teleportation {unknown}
 b - a scroll of fog {unknown}
 c - a scroll of acquirement {unknown}
 e - 6 scrolls of identify {unknown}
 f - 3 scrolls of vulnerability {unknown}
 g - 2 scrolls of fear {unknown}
 o - a scroll of immolation {unknown}
 r - a scroll of magic mapping {unknown}
 t - a scroll of amnesia {unknown}
 w - a scroll of enchant armour {unknown}
 B - a scroll of noise {unknown}
Potions
 d - 2 potions of lignification {unknown}
 h - 2 potions of resistance {unknown}
 i - a potion of invisibility {unknown}
 j - 3 potions of haste {unknown}
 k - a potion of cancellation {unknown}
 l - 2 potions of mutation {unknown}
 m - a potion of heal wounds {unknown}
 p - a potion of magic {unknown}
 q - 2 potions of might {unknown}
 u - a potion of ambrosia {unknown}
 v - 2 potions of brilliance {unknown}
 x - 2 potions of curing {unknown}
 z - a potion of berserk rage {unknown}

Dungeon Overview and Level Annotations

Branches:
Dungeon (7/15)             Temple (1/1) D:5           Sewer (visited)
 Bailey (1/1)

Altars:
Cheibriados
Dithmenos
Elyvilon
Fedhas
Gozag
Hepliaklqana
Kikubaaqudgha
Makhleb
Nemelex Xobeh
Sif Muna
Trog
Uskayaw
Wu Jian
Xom
Yredelemnul
Zin
The Shining One

Shops:
D:1

( #### #######
##..♣♣♣≈≈≈≈≈♣♣
....♣♣≈≈≈@≈.♣#
#..♣≈≈≈≈≈o..#
#..♣≈≈≈≈..♣.##
#..o≈≈≈≈.....###
##.♣.≈≈≈≈..♣....♣♣♣
#....≈≈≈≈.........♣♣
#...######.........♣
#...............∩..♣
+..................♣


You could see 2 orc warriors.


Message History

You see here 19 bolts.
You hear the faint creaking of a distant portcullis.
j - 3 glowing black potions (gained 1)
You open the door.
There is an open door here.
There is a flagged portal here.
The world spins around you as you enter the gateway.
You enter a bailey!
Found a gate leading back out of this place.
There is an empty arch of ancient stone here.
Casting: Beastly Appendage (safe; 3% risk of failure)
Confirm with . or Enter, or press ? or * to list all spells.
You turn into a venomous arachnid creature.
The +7 short sword "Ysig" {vorpal, rElec, short} melds into your body.
Your +0 hat melds into your body.
MP[-3]
You lost 3 mp, and now have 9/12 mp.
Your transformation is almost over.
An orc comes into view. It is wielding a +0 halberd.
MP[+1] 2 orc warriors come into view.
The orc warrior shouts! x2; The orc shouts!
The orc hits you but does no damage.
You barely miss the orc. The orc misses you.
The orc warrior completely misses you.
You hit the orc.
The orc is poisoned.
The orc warrior hits you from afar with a +0 halberd!
HP[-10]
You take 10 damage, and now have 51/61 hp.
You hit the orc but do no damage.
The orc looks as sick as possible!
You kill the orc!
The orc warrior barely misses you. The orc warrior completely misses you.
Your transformation has ended.
The +7 short sword "Ysig" {vorpal, rElec, short} unmelds from your body.
Your +0 hat unmelds from your body.
The orc warrior barely misses you.
The orc warrior hits you with a +0 halberd!
HP[-12]
You take 12 damage, and now have 39/61 hp.
You hit the orc warrior. You grab the orc warrior.
You constrict the orc warrior, but do no damage.
The orc warrior hits you with a +0 glaive!
* * * LOW HITPOINT WARNING * * *
The orc warrior hits you with a +0 halberd!
* * * LOW HITPOINT WARNING * * *
HP[-22] MP[+1]
You take 22 damage, and now have 17/61 hp.
MASSIVE DAMAGE!! (PAUSE)
You release your grip on the orc warrior.
The orc warrior hits you from afar with a +0 glaive.
* * * LOW HITPOINT WARNING * * *
The orc warrior hits you from afar with a +0 halberd!
* * * LOW HITPOINT WARNING * * *
HP[-14]
You take 14 damage, and now have 3/61 hp.
MASSIVE DAMAGE!! (PAUSE) HP[+1] MP[+1]
Your mp is fully restored (12).
HP[+1]
There are monsters nearby!
HP[+1]
There are monsters nearby!
HP[+1] HP[+1] HP[+1] HP[+1] HP[+1]
You start resting.
An orc warrior is nearby!
HP[+15]
You regained 15 hp, and now have 26/61 hp.
HP[+1] HP[+1]
The orc warrior hits you but does no damage.
HP[+1]
The orc warrior hits you with a +0 halberd!
* * * LOW HITPOINT WARNING * * *
HP[-7]
You take 7 damage, and now have 22/61 hp.
You hit the orc warrior. Your grab misses the orc warrior.
You squeeze the orc warrior.
The orc warrior hits you with a +0 halberd!
* * * LOW HITPOINT WARNING * * *
HP[-13]
You take 13 damage, and now have 9/61 hp.
MASSIVE DAMAGE!! (PAUSE)
You closely miss the orc warrior. Your grab misses the orc warrior.
The orc warrior misses you.
The orc warrior complains loudly, as Orcs often do.
The orc warrior misses you.
You closely miss the orc warrior. Your grab misses the orc warrior.
Your squeeze misses the orc warrior.
The orc warrior hits you with a +0 halberd.
* * * LOW HITPOINT WARNING * * *
HP[-2]
You take 2 damage, and now have 7/61 hp.
You puncture the orc warrior! You grab the orc warrior.
You squeeze the orc warrior! You constrict the orc warrior.
The orc warrior hits you with a +0 halberd!
You die...

Skill      XL: |  1  2  3  4  5  6  7  8  9 |
---------------+----------------------------+-----
Stealth        | 1 2 3 4 5 |  5.0
Unarmed Combat | 4 5 6 7 8 |  8.8
Fighting       | 2 3 4 5 |  5.6
Dodging        | 3 4 5 |  5.8
Ice Magic      | 2 3 |  3.9
Transmutations | 3 4 |  4.4
Spellcasting   | |  2.0

Action                   |  1- 3 |  4- 6 |  7- 9 || total
-------------------------+-------+-------+-------++-------
Melee: Unarmed           |    77 |   105 |    67 ||   249
       Constrict         |    23 |    37 |    38 ||    98
       Tentacles         |    11 |    32 |    45 ||    88
       Kick              |    16 |    33 |    21 ||    70
       Punch             |     1 |     4 |     7 ||    12
       Short sword       |       |    48 |   132 ||   180
 Cast: Beastly Appendage |    26 |    25 |    24 ||    75
       Spider Form       |       |     1 |     9 ||    10
 Stab: Sleeping          |     4 |     8 |     6 ||    18
Armor: Skin              |     8 |     7 |    10 ||    25
Dodge: Dodged            |    37 |    79 |   141 ||   257

Levels and vault maps discovered:
D:1:      saegor_arrival_simple_d, layout_loops_ring,
          hellmonk_ecumenical_altar_run_dry, serial_shops, nicolae_square_shop,
          kennysheep_another_room
D:2:      layout_basic, basic_altar
D:3:      minmay_chambers_of_threes, layout_rooms,
          mainiacjoe_overflow_tiny_flanked, tgw_kikubaaqudgha,
          gup_sewer_entry_pipe
D:4:      layout_basic, chequers_serial_rivers_marsh, minmay_manual_mullet
D:5:      layout_gridville, temple_hall, grunt_ministairs_1
D:6:      kennysheep_kobold_camp, layout_cave_pods,
          nemelex_diamond_rough_becter, minmay_small_thing, uniq_pikel,
          uniq_edmund
D:7:      layout_rooms, lemuel_doored_altar, mainiacjoe_overflow_paths,
          mainiacjoe_overflow_six_doors_small, enter_bailey_8,
          chequers_hall_statues_y, minmay_misc_feat_encased
Temple:   oiseaux_autumnal_temple
Bailey:   bailey_polearm_elven_captive_hellmonk, bailey

Notes
Turn   | Place    | Note
-------+----------+-------------------------------------------
     0 | D:1      | zeratav the Octopode Transmuter began the quest for the
                  | Orb.
     0 | D:1      | Reached XP level 1. HP: 13/13 MP: 3/3
     0 | D:1      | magus.rc [v1.9.6]
   304 | D:1      | Found a faded altar of an unknown god.
   436 | D:1      | Reached XP level 2. HP: 15/18 MP: 3/5
   537 | D:1      | Found Ziogeseg's Antique Weapon Emporium.
   586 | D:1      | Reached skill level 1 in Stealth
  1226 | D:1      | You add the spells Sting, Poisonous Vapours and Olgreb's
                  | Toxic Radiance to your library.
  1450 | D:2      | Reached XP level 3. HP: 22/23 MP: 4/6
  1464 | D:2      | Found a glowing golden altar of the Shining One.
  1852 | D:2      | Reached skill level 2 in Stealth
  2045 | D:2      | Reached XP level 4. HP: 12/29 MP: 5/7
  2560 | D:2      | You pick up a book of Decay and begin reading...
  2560 | D:2      | You add the spells Corpse Rot, Dispel Undead and Death
                  | Channel to your library.
  2768 | D:2      | Reached skill level 4 in Unarmed Combat
  2923 | D:3      | Reached skill level 2 in Fighting
  2940 | D:3      | Found a glowing drain.
  2956 | D:3      | Learned a level 3 spell: Spider Form
  2961 | Sewer    | Entered a sewer
  2977 | Sewer    | HP: 7/29 [kobold/stone (1)]
  2978 | Sewer    | Reached XP level 5. HP: 8/34 MP: 6/8
  3374 | Sewer    | Noticed a kobold brigand
  3374 | Sewer    | Noticed a kobold brigand
  3751 | Sewer    | Reached skill level 3 in Stealth
  3949 | Sewer    | Killed a kobold brigand
  3950 | Sewer    | Reached skill level 3 in Dodging
  3950 | Sewer    | Reached XP level 6. HP: 34/41 MP: 2/9
  4025 | Sewer    | Reached skill level 5 in Unarmed Combat
  4450 | D:3      | Found an ancient bone altar of Kikubaaqudgha.
  4450 | D:3      | Noticed a human
  4454 | D:3      | Killed a human
  4500 | D:3      | Identified the +7 short sword "Ysig" {vorpal, rElec}
  4775 | D:3      | Reached skill level 3 in Fighting
  4837 | D:3      | Reached skill level 4 in Stealth
  5024 | D:3      | Found a burning altar of Makhleb.
  5264 | D:4      | Noticed a necrophage
  5269 | D:4      | Killed a necrophage
  5270 | D:4      | Reached XP level 7. HP: 41/46 MP: 8/10
  5937 | D:4      | You pick up a book of Misfortune and begin reading...
  5937 | D:4      | You add the spells Confusing Touch, Yara's Violent
                  | Unravelling and Enfeeble to your library.
  6553 | D:5      | Entered Level 5 of the Dungeon
  6564 | D:5      | Reached skill level 4 in Dodging
  6564 | D:5      | Reached skill level 6 in Unarmed Combat
  6568 | D:5      | Reached skill level 5 in Stealth
  7205 | D:5      | Reached XP level 8. HP: 25/54 MP: 5/11
  7496 | D:5      | Reached skill level 4 in Fighting
  7641 | D:5      | Reached skill level 1 in Ice Magic
  7812 | D:5      | Found a staircase to the Ecumenical Temple.
  7830 | Temple   | Entered the Ecumenical Temple
  8303 | D:6      | Noticed Edmund
  8313 | D:6      | Killed Edmund
  8354 | D:6      | Noticed Pikel
  8369 | D:6      | Reached skill level 7 in Unarmed Combat
  8386 | D:6      | HP: 13/54 [Pikel/+2 whip of flaming (5)]
  8388 | D:6      | Killed Pikel
  8389 | D:6      | Reached skill level 5 in Dodging
  8389 | D:6      | Reached skill level 3 in Transmutations
  8389 | D:6      | Reached skill level 2 in Ice Magic
  8389 | D:6      | Reached XP level 9. HP: 14/59 MP: 12/12
  8830 | D:6      | Noticed a boulder beetle
  8923 | D:6      | Killed a boulder beetle
  8924 | D:6      | Reached skill level 5 in Fighting
  8924 | D:6      | Reached skill level 8 in Unarmed Combat
  8924 | D:6      | Reached skill level 4 in Transmutations
  8924 | D:6      | Reached skill level 3 in Ice Magic
  9911 | D:6      | You add the spells Ignite Poison, Mephitic Cloud and
                  | Freezing Cloud to your library.
 10371 | D:6      | Found a sparkling altar of Nemelex Xobeh.
 11003 | D:7      | Found a glowing silver altar of Zin.
 11015 | D:7      | Found a flagged portal.
 11153 | Bailey   | Entered a bailey
 11170 | Bailey   | HP: 12/61 [orc warrior/+0 glaive (5)]
 11170 | Bailey   | HP: 3/61 [orc warrior/+0 halberd (9)]
 11305 | Bailey   | HP: 9/61 [orc warrior/+0 halberd (13)]
 11308 | Bailey   | Mangled by an orc warrior

Vanquished Creatures
  A boulder beetle (D:6)
  Pikel (D:6)
  Edmund (D:6)
  A water moccasin (D:5)
  2 necrophages
  3 orc warriors
  A black bear (D:6)
  An ice beast (D:6)
  An ogre (D:5)
  3 kobold brigands
  2 scorpions
  A gnoll sergeant (D:4)
  A centaur zombie (D:6)
  2 jellies
  An orc priest (D:6)
  A bullfrog skeleton (D:6)
  3 iguanas
  3 orc wizards
  15 adders
  2 river rats (Sewer)
  A white imp (D:6)
  An ufetubus (D:4)
  4 worms
  6 dart slugs
  16 orcs
  2 bats (D:2)
  4 endoplasms
  7 giant cockroaches
  10 goblins
  7 hobgoblins
  5 jackals
  6 quokkas
  11 ball pythons
  3 frilled lizards
  37 kobolds
  6 rats
172 creatures vanquished.

Vanquished Creatures (others)
  A human (D:3)
  65 plants (D:6)
66 creatures vanquished.

Grand Total: 238 creatures vanquished

Table legend:
 A = Non-vault XP
 B = Vault XP
 C = Vault XP percentage of total XP
 D = Non-vault monster count
 E = Vault monster count
 F = Vault count percentage of total count
                 A         B        C        D         E       F
            +---------+---------+-------+---------+---------+-------
      Total |    1733 |    2542 |  59.5 |     100 |      72 |  41.9
            +---------+---------+-------+---------+---------+-------
        D:1 |      22 |       0 |   0.0 |      14 |       0 |   0.0
        D:2 |     107 |       0 |   0.0 |      26 |       0 |   0.0
        D:3 |      94 |      63 |  40.1 |      16 |      16 |  50.0
        D:4 |     191 |      86 |  31.0 |      16 |       3 |  15.8
        D:5 |     419 |     275 |  39.6 |       8 |       2 |  20.0
        D:6 |     900 |    1821 |  66.9 |      20 |      25 |  55.6
      Sewer |       0 |     294 | 100.0 |       0 |      25 | 100.0
     Bailey |       0 |       3 | 100.0 |       0 |       1 | 100.0
            +---------+---------+-------+---------+---------+-------

Illustrated notes

Table legend:
 A = Kills in this place as a percentage of kills in entire the game.
 B = Kills by you in this place as a percentage of kills by you in the entire game.
 C = Kills by friends in this place as a percentage of kills by friends in the entire game.
 D = Other kills in this place as a percentage of other kills in the entire game.
 E = Experience gained in this place as a percentage of experience gained in the entire game.
 F = Experience gained in this place divided by the number of levels of this place that you have seen.
                   A       B       C       D       E      F
               +-------+-------+-------+-------+-------+----------------------
         Total | 100.0 | 100.0 |   N/A |   N/A | 100.0 | 427.5
       Dungeon |  84.9 |  84.9 |   N/A |   N/A |  93.1 | 568.3
         Sewer |  14.5 |  14.5 |   N/A |   N/A |   6.9 | 294.0
        Bailey |   0.6 |   0.6 |   N/A |   N/A |   0.1 |   3.0
               +-------+-------+-------+-------+-------+----------------------

Table legend: (Time is in decaauts)
 A = Elapsed time spent in this place.
 B = Non-inter-level travel time spent in this place.
 C = Inter-level travel time spent in this place.
 D = Time resting spent in this place.
 E = Time spent auto-exploring this place.
 F = Levels seen in this place.
 G = Mean time per level.
                   A        B        C        D        E       F      G
               +--------+--------+--------+--------+--------+-----+--------+
         Total |  11308 |  10928 |    380 |   3876 |   5237 |  10 | 1130.8 |
       Dungeon |   9541 |   9193 |    348 |   2820 |   4932 |   7 | 1363.0 |
        Temple |    293 |    261 |     32 |      0 |    249 |   1 |  293.0 |
         Sewer |   1318 |   1318 |      0 |    978 |     56 |   1 | 1318.0 |
        Bailey |    154 |    154 |      0 |     78 |      0 |   1 |  154.0 |
               +--------+--------+--------+--------+--------+-----+--------+

Top non-repeatable levels by time:
     D:6: 2724 daAuts
     D:4: 2012 daAuts
     D:2: 1612 daAuts
   Sewer: 1318 daAuts
     D:1: 1298 daAuts
     D:3: 915 daAuts
     D:5: 791 daAuts
  Temple: 293 daAuts
     D:7: 187 daAuts
  Bailey: 154 daAuts
